 Dungeon Crawl Stone Soup version 0.28.0-53-g5a82cb258f (webtiles) character file.

Game seed: 8907356297264260367

173 Plasmagod the Chopper (level 5, -1/47 HPs)
             Began as a Hill Orc Fighter on July 20, 2022.
             Slain by an adder (3 damage)
             ... on level 3 of the Dungeon.
             The game lasted 00:03:25 (2386 turns).

Plasmagod the Chopper (Hill Orc Fighter)            Turns: 2386, Time: 00:03:25

Health: -1/47      AC: 10    Str: 21    XL:     5   Next: 53%
Magic:  5/5        EV:  7    Int:  8    God:
Gold:   117        SH:  4    Dex: 10    Spells: 4/4 levels left

rFire   . . .      SeeInvis .   a - +0 war axe
rCold   . . .      Faith    .   c - +0 buckler
rNeg    . . .      Spirit   .   h - +0 chain mail
rPois   .          Reflect  .   (no helmet)
rElec   .          Harm     .   e - +0 cloak
rCorr   .          Rampage  .   (no gloves)
Will    .....                   (no boots)
Stlth   ..........              (no amulet)
HPRegen 0.15/turn               (no ring)
MPRegen 0.09/turn               (no ring)

@: lethally poisoned (-1 -> -7)
A: no striking features
a: no special abilities


You were on level 3 of the Dungeon.
You visited 1 branch of the dungeon, and saw 3 of its levels.

You collected 117 gold pieces.

Inventory:

Hand Weapons
 a - a +0 war axe (weapon)
Missiles
 m - 2 throwing nets (quivered)
Armour
 c - a +0 buckler (worn)
 e - a +0 cloak (worn)
 h - a +0 chain mail (worn)
Scrolls
 i - 2 scrolls of identify {unknown}
 j - a scroll of torment {unknown}
 k - a scroll of summoning {unknown}
 l - a scroll of magic mapping {unknown}
Potions
 d - a potion of might
 g - a potion of berserk rage {unknown}


   Skills:
 + Level 4.3 Fighting
 + Level 5.2 Axes
 + Level 4.3 Armour
 + Level 0.1 Dodging
 + Level 4.0 Shields


You had 4 spell levels left.
You didn't know any spells.
Your spell library contained the following spells:

 Spells                   Type           Power      Damage    Failure   Level
 Lesser Beckoning         Tloc           0%         N/A       100%        3
 Portal Projectile        Hex/Tloc       0%         N/A       100%        3
 Flame Wave               Conj/Fire      0%         2d4       100%        4
 Ignition                 Fire           0%         3d3       100%        8


Dungeon Overview and Level Annotations

Branches:
Dungeon (3/15)

Altars:


Message History

Press: ? - help, v - describe, . - travel, g - get item
Items here: ( ) / †.
The floor.
Unknown command.
You barely miss the adder. The adder bites you but does no damage.
The adder bites you.
You miss the adder. The adder bites you but does no damage.
The adder bites you.
You closely miss the adder.
The adder bites you but does no damage. x2
You closely miss the adder. You block the adder's attack.
You miss the adder. The adder bites you.
You are poisoned.
The adder poisons you! The adder bites you.
You are more poisoned.
The adder poisons you!
You hit the adder but do no damage.
You feel very sick. The adder closely misses you.
The adder bites you but does no damage.
You barely miss the adder.
You feel very sick. The adder bites you.
* * * LOW HITPOINT WARNING * * *
You are lethally poisoned!
The adder poisons you!
You miss the adder.
* * * LOW HITPOINT WARNING * * *
You feel very sick. The adder barely misses you. x2
It was a potion of invisibility.
You fade into invisibility!
* * * LOW HITPOINT WARNING * * *
You feel very sick. The adder completely misses you.
It was a potion of cancellation.
Your magical effects are unravelling.
You feel magically purged.
You flicker back into view.
* * * LOW HITPOINT WARNING * * *
You feel sick. The adder bites you.
You die...

........# .........
......# ......#.# ###
......#.# ##.. #...###.#
###..#### # #.#.###.#
#...##..##..##
..#...#<###.#.#..S......
#####...##....#.@##
..#...#.##....##..##
#.#.........#..##..#
#...###....##..†...#
#).## #.##.##.##..##
#)## #.##.##..#### #.#
#.##.##.. #.# #.##.##...
#.# #.##.(....


You could see an adder.

Vanquished Creatures
  3 adders (D:2)
  7 gnolls
  A worm (D:2)
  4 dart slugs
  An orc (D:3)
  7 ball pythons
  6 endoplasms (D:2)
  2 giant cockroaches
  7 goblins
  4 hobgoblins
  3 jackals (D:1)
  2 quokkas
  2 bats
  4 frilled lizards
  3 kobolds
  18 rats
74 creatures vanquished.

Notes
Turn   | Place    | Note
-------+----------+-------------------------------------------
     0 | D:1      | Plasmagod the Hill Orc Fighter began the quest for the Orb.
     0 | D:1      | Reached XP level 1. HP: 19/19 MP: 1/1
   110 | D:1      | Reached XP level 2. HP: 27/27 MP: 2/2
   551 | D:1      | Reached skill level 3 in Axes
   551 | D:1      | Reached XP level 3. HP: 33/33 MP: 3/3
  1256 | D:2      | Reached XP level 4. HP: 38/38 MP: 4/4
  1394 | D:2      | Found a faded altar of an unknown god.
  1405 | D:2      | Reached skill level 4 in Axes
  1752 | D:2      | Reached XP level 5. HP: 21/46 MP: 5/5
  1994 | D:2      | Reached skill level 5 in Axes
  2375 | D:3      | Got Qabbeb's Disquisition on the Volcanoes and the Voyage
  2386 | D:3      | HP: 2/47 [poisoned by an adder]
  2386 | D:3      | Slain by an adder

Illustrated notes

Levels and vault maps discovered:
D:1:      dpeg_arrival_ratfight, layout_rooms, minivault_11,
          chequers_serial_rivers_micro_e
D:2:      layout_basic, chequers_ecumenical_altar_simple_redux,
          minmay_rat_gold_closets
D:3:      kennysheep_six_static_rooms, layout_loops_ring, minmay_close_crescents

Skill      XL: |  1  2  3  4  5 |
---------------+----------------+-----
Fighting       | 4 |  4.3
Axes           | 3 4 5 |  5.2
Armour         | 4 |  4.3
Shields        | 4 |  4.0
Dodging        | |  0.1

Action                   |  1- 3 |  4- 6 || total
-------------------------+-------+-------++-------
Melee: War axe           |    95 |    99 ||   194
  Use: Potion            |       |     2 ||     2
Armor: Scale mail        |     7 |       ||     7
       Chain mail        |    45 |    67 ||   112
Dodge: Dodged            |    26 |    45 ||    71
Block: Buckler           |    31 |    21 ||    52
